 Dungeon Crawl Stone Soup version 0.16-a0-3303-g3c4fcab (webtiles) character file.

3581 Minkie the Covert (level 9, -7/57 HPs)
             Began as a Vampire Enchanter on Dec 25, 2014.
             Was a Follower of Kikubaaqudgha.
             Killed by the air
             ... invoked by Gastronok
              (42 damage)
             ... on level 8 of the Dungeon.
             The game lasted 00:44:09 (8951 turns).

Minkie the Covert (Vampire Enchanter)               Turns: 8951, Time: 00:44:09

Health: -7/57      AC:  9    Str:  7    XL:     9   Next: 84%
Magic:  3/14       EV: 13    Int: 20    God:    Kikubaaqudgha [*.....]
Gold:   406        SH:  0    Dex: 14    Spells: 5 memorised, 4 levels left

rFire  + . .     SeeInvis +     x - +2 dagger (venom)
rCold  + + .     Clarity  .     b - +1 robe
rNeg   + + +     SustAb   .     (no shield)
rPois  ∞         Gourm    .     L - +0 helmet
rElec  .         Spirit   .     (no cloak)
rCorr  .         Warding  .     (no gloves)
rMut   +         Stasis   .     (no boots)
MR     .....                    t - amulet of resist mutation
Stlth  ++++++....               y - ring of protection from fire
                                E - +5 ring of protection

@: bloodless, non-regenerating, slowed, very slow, not resistant to hostile
enchantments, very stealthy
A: bottle blood, fangs 3, see invisible, unbreathing
a: Bat Form, Receive Corpses, Renounce Religion


You were on level 8 of the Dungeon.
You worshipped Kikubaaqudgha.
Kikubaaqudgha was aware of your devotion.
You were bloodless.

You visited 2 branches of the dungeon, and saw 9 of its levels.

You collected 406 gold pieces.

Inventory:

Hand weapons
 x - a +2 dagger of venom (weapon)
 F - the +7 Singing Sword
   (You found it on level 7 of the Dungeon)
Missiles
 C - 4 tomahawks (quivered)
Armour
 b - a +1 robe (worn)
 L - a +0 helmet (worn)
Jewellery
 t - an amulet of resist mutation (around neck)
 v - an uncursed ring of wizardry
 y - a ring of protection from fire (right hand)
 E - a +5 ring of protection (left hand)
 N - a +5 ring of dexterity {unknown}
Magical devices
 a - a wand of teleportation (8)
 o - a wand of fireball (1)
 w - a wand of frost (24)
 B - a wand of polymorph (0)
 I - a wand of fire (6)
 J - a wand of slowing (10)
 M - a wand of disintegration (7)
Scrolls
 f - a scroll of fog
 g - 6 scrolls of remove curse
 i - 2 scrolls of teleportation
 j - a scroll of recharging
 H - 3 scrolls of blinking
Potions
 d - 5 potions of blood
 e - 2 potions of agility
 k - a potion of flight {unknown}
 m - 3 potions of restore abilities
 n - a potion of haste {unknown}
 p - a potion of ambrosia {unknown}
 q - 3 potions of might
 r - a potion of mutation {unknown}
 s - 2 potions of curing
 u - a potion of heal wounds {unknown}
Books
 c - a book of Maledictions

   Spells                             Type                      Level
   a - Corona                         Hexes                        1
   b - Sure Blade                     Hexes/Charms                 2
   c - Ensorcelled Hibernation        Hexes/Ice                    2
   d - Confuse                        Hexes                        3
   e - Dazzling Spray                 Conjuration/Hexes            3
   f - Enslavement                    Hexes                        4
 l - a Necronomicon {highlevel}

   Spells                             Type                      Level
   a - Haunt                          Necromancy/Summoning         7
   b - Borgnjor's Revivification      Necromancy                   8
   c - Death's Door                   Charms/Necromancy            8
   d - Necromutation                  Transmutation/Necromancy     8
 A - a book of Death

   Spells                             Type                      Level
   a - Corpse Rot                     Necromancy                   2
   b - Sublimation of Blood           Necromancy                   2
   c - Agony                          Necromancy                   5
   d - Dispel Undead                  Necromancy                   5
   e - Excruciating Wounds            Charms/Necromancy            5
   f - Bolt of Draining               Conjuration/Necromancy       5
 K - the Compendium of the Escort and Black Rituals
   (You found it on level 7 of the Dungeon)

   Spells                             Type                      Level
   a - Animate Skeleton               Necromancy                   1
   b - Summon Butterflies             Summoning                    1
   c - Summon Small Mammal            Summoning                    1
   d - Control Undead                 Necromancy                   4
   e - Summon Demon                   Summoning                    5
   f - Summon Hydra                   Summoning                    7
 O - Kikubaaqudgha's Handbook of Unholy Arts
   (Kikubaaqudgha gifted it to you on level 8 of the Dungeon)

   Spells                             Type                      Level
   a - Animate Skeleton               Necromancy                   1
   b - Corpse Rot                     Necromancy                   2
   c - Sublimation of Blood           Necromancy                   2
   d - Regeneration                   Charms/Necromancy            3
   e - Control Undead                 Necromancy                   4


   Skills:
 + Level 8.1 Short Blades
 + Level 3.0 Dodging
 - Level 12.1 Stealth
 - Level 2.0 Spellcasting
 + Level 11.1 Hexes
 + Level 6.0 Necromancy


You had 4 spell levels left.
You knew the following spells:

 Your Spells              Type           Power        Failure   Level  Hunger
a - Corona                Hex            #####..      1%          1    #......
b - Ensorcelled Hibernat  Hex/Ice        ###...       2%          2    ##.....
c - Confuse               Hex            #####...     1%          3    ###....
e - Animate Skeleton      Necr           N/A          1%          1    #......
f - Summon Butterflies    Summ           #.......     17%         1    #......


Dungeon Overview and Level Annotations

Branches:
Dungeon (8/15)             Temple (1/1) D:7
   Lair: D:8-11

Altars:
Ashenzari
Cheibriados
Dithmenos
Elyvilon
Fedhas
Gozag
Kikubaaqudgha
Makhleb
Nemelex Xobeh
Okawaru
Qazlal
Ru
Sif Muna
Trog
Vehumet
Xom
Yredelemnul
Zin
The Shining One

Shops:
D:6 [

Annotations:
D:8 Gastronok


Innate Abilities, Weirdness & Mutations

You do not heal naturally.
You can bottle blood from corpses.
You have razor-sharp teeth.
You have supernaturally acute eyesight.
You can survive without breathing.


Message History

Aiming: Confuse
Press: ? - help, Shift-Dir - straight line, f/p - Gastronok
Aim: Gastronok, wearing a runed hat (moderately wounded, chance 21%) Gastronok resists with almost no effort.
Casting: Confuse
Confirm with . or Enter, or press ? or * to list all spells.
Aiming: Confuse
Press: ? - help, Shift-Dir - straight line, f/p - Gastronok
Aim: Gastronok, wearing a runed hat (moderately wounded, chance 21%) Gastronok resists with almost no effort.
Gastronok mumbles some strange words.
The bat closely misses you. The bat misses you.
You see here 3 chunks of flesh.
Gastronok gurgles, "I bet you'll be tasty."
Gastronok waves his eye-stalks in wide circles.
The air twists around and strikes you!
Ouch! That really hurt!
You die...
Kikubaaqudgha rasps: "You have failed me!
Welcome... oblivion!"

###############
#........)....#
########.#######@#.#.######
.........#...###b#.........
##########.#......%...#####
# #...........%!..## #
#.########w##%#### #
#)).....# # #.#####.# #
#######.#### # #
#..........#


You could see Gastronok and a bat.

Vanquished Creatures
  Joseph (D:8)
  The ghost of FishServ the Skirmisher, an experienced DsWn (D:6)
  Grinder (D:6)
  Prince Ribbit (D:6)
  Eustachio (D:5)
  The ghost of chequers the Chopper, an average MiBe of Trog (D:4)
  Edmund (D:5)
  5 ogres
  An ice beast (D:6)
  A sky beast (D:6)
  2 orc warriors (D:7)
  A centaur (D:7)
  2 giant frogs
  3 scorpions (D:7)
  2 goliath beetles (D:7)
  A quasit (D:5)
  2 crimson imps
  5 orc priests
  2 iguanas
  4 hounds
  2 worker ants
  A giant frog skeleton (D:7)
  2 orc wizards
  A hound skeleton (D:7)
  Terence (D:2)
  A worker ant zombie (D:6)
  10 adders
  4 gnolls (D:4)
  3 giant mites
  A shadow imp (D:6)
  5 worms
  An adder skeleton (D:8)
  3 giant geckos
  An ooze (D:1)
  27 orcs
  A bat skeleton (D:5)
  7 giant cockroaches
  17 goblins
  14 hobgoblins
  9 jackals
  6 quokkas
  2 ball pythons
  22 bats
  A giant cockroach zombie (D:6)
  2 giant gecko skeletons (D:6)
  5 giant newts
  A goblin skeleton (D:5)
  A goblin zombie (D:5)
  3 hobgoblin zombies (D:5)
  18 kobolds
  A kobold skeleton (D:5)
  3 kobold zombies (D:5)
  An orc skeleton (D:5)
  An orc zombie (D:5)
  A quokka skeleton (D:5)
  15 rats
  A fungus (D:7)
233 creatures vanquished.

Vanquished Creatures (others)
  A giant spore (D:6)
  4 orc skeletons (D:8)
  A fungus (D:7)
6 creatures vanquished.

Grand Total: 239 creatures vanquished

Notes
Turn   | Place    | Note
--------------------------------------------------------------
     0 | D:1      | Minkie, the Vampire Enchanter, began the quest for the Orb.
     0 | D:1      | Reached XP level 1. HP: 13/13 MP: 3/3
   143 | D:1      | Reached XP level 2. HP: 10/19 MP: 4/4
   147 | D:1      | Learned a level 2 spell: Ensorcelled Hibernation
   425 | D:1      | Reached skill level 5 in Hexes
   431 | D:1      | Reached skill level 5 in Stealth
   963 | D:2      | Reached XP level 3. HP: 24/24 MP: 6/6
  1943 | D:2      | Found an opulent altar of Gozag.
  1943 | D:2      | Found a sparkling altar of Nemelex Xobeh.
  1953 | D:2      | Found a shimmering altar of Xom.
  1993 | D:2      | Noticed Terence
  1997 | D:2      | Killed Terence
  1997 | D:2      | Reached skill level 6 in Stealth
  1997 | D:2      | Reached XP level 4. HP: 30/30 MP: 7/7
  2270 | D:2      | Learned a level 3 spell: Confuse
  2467 | D:4      | Noticed chequers' ghost (average MiBe)
  3035 | D:3      | Reached XP level 5. HP: 35/35 MP: 6/9
  3042 | D:3      | Reached skill level 7 in Stealth
  3798 | D:5      | Entered Level 5 of the Dungeon
  3882 | D:4      | Reached XP level 6. HP: 35/41 MP: 10/10
  4061 | D:4      | Killed chequers' ghost
  4264 | D:4      | Reached skill level 8 in Stealth
  4465 | D:5      | Found a glowing golden altar of the Shining One.
  4531 | D:5      | Found a bloodstained altar of Trog.
  4550 | D:5      | Reached XP level 7. HP: 35/46 MP: 4/12
  5031 | D:4      | Learned a level 2 spell: Corpse Rot
  5063 | D:5      | Noticed Eustachio
  5068 | D:5      | Killed Eustachio
  5068 | D:5      | Reached skill level 5 in Short Blades
  5068 | D:5      | Reached skill level 1 in Necromancy
  5081 | D:5      | Reached skill level 9 in Stealth
  5082 | D:5      | Noticed an ogre
  5086 | D:5      | Killed an ogre
  5148 | D:5      | Noticed Edmund
  5152 | D:5      | Noticed an ogre
  5179 | D:5      | Killed an ogre
  5179 | D:5      | Reached XP level 8. HP: 36/52 MP: 0/13
  5290 | D:5      | Killed Edmund
  5518 | D:5      | Found an opulent altar of Gozag.
  6400 | D:6      | Noticed Prince Ribbit
  6415 | D:6      | Killed Prince Ribbit
  6415 | D:6      | Reached skill level 10 in Stealth
  6443 | D:6      | Found Cenitwui's Antique Armour Shoppe.
  6464 | D:6      | Noticed Grinder
  6494 | D:6      | Killed Grinder
  6802 | D:6      | Found a shattered altar of Ashenzari.
  6885 | D:7      | Reached XP level 9. HP: 55/57 MP: 14/14
  6950 | D:7      | Reached skill level 11 in Stealth
  7028 | D:7      | Reached skill level 10 in Hexes
  7215 | D:7      | Reached skill level 5 in Necromancy
  7409 | D:7      | Found a blossoming altar of Fedhas.
  7569 | D:7      | Found a staircase to the Ecumenical Temple.
  7590 | Temple   | Entered the Ecumenical Temple
  7635 | Temple   | Became a worshipper of Kikubaaqudgha
  7783 | D:7      | Identified the Compendium of the Escort and Black Rituals
  7968 | D:6      | Noticed FishServ's ghost (experienced DsWn)
  8193 | D:6      | Killed FishServ's ghost
  8615 | D:8      | Noticed Joseph
  8646 | D:8      | Killed Joseph
  8646 | D:8      | Reached skill level 12 in Stealth
  8814 | D:8      | Acquired Kikubaaqudgha's first power
  8814 | D:8      | Received a gift from Kikubaaqudgha
  8815 | D:8      | Identified Kikubaaqudgha's Handbook of Unholy Arts (Kikubaaqudgha gifted it to you on level 8 of the Dungeon)
  8894 | D:8      | Learned a level 1 spell: Animate Skeleton
  8896 | D:8      | Learned a level 1 spell: Summon Butterflies
  8918 | D:8      | Noticed Gastronok
  8951 | D:8      | Killed from afar by Gastronok

Action                   |  1- 3 |  4- 6 |  7- 9 || total
-------------------------+-------+-------+-------++-------
Melee: Dagger            |    96 |   176 |   313 ||   585
 Fire: Blowgun           |     2 |       |       ||     2
 Cast: Ensorcelled Hiber |     9 |    32 |    50 ||    91
       Confuse           |       |     4 |    20 ||    24
       Corpse Rot        |       |       |     1 ||     1
       Animate Skeleton  |       |       |     4 ||     4
  Use: Scroll            |       |     1 |    12 ||    13
 Stab: Sleeping          |    22 |    40 |    59 ||   121
       Distracted        |     1 |       |       ||     1
       Confused          |       |     4 |    11 ||    15
  Eat: Corpse            |       |       |     1 ||     1
